 Dungeon Crawl Stone Soup version 0.31-a0-875-g02e7d12df6 (webtiles) character file.

Game seed: 17422196502864468103

111 pascalblue the Stinger (level 4, 0/24 HPs)
             Began as a Deep Elf Venom Mage on Oct 12, 2023.
             Slain by a gnoll
             ... wielding a +4 whip
              (5 damage)
             ... on level 1 of the Dungeon.
             The game lasted 00:06:32 (1615 turns).

pascalblue the Stinger (Deep Elf Venom Mage)        Turns: 1615, Time: 00:06:33

Health: 0/24       AC:  2    Str:  5    XL:     4   Next: 62%
Magic:  10/11      EV: 12    Int: 22    God:
Gold:   71         SH:  0    Dex: 15    Spells: 4/10 levels left

rFire   . . .        e - +0 dagger
rCold   . . .        (no shield)
rNeg    . . .        a - +0 robe
rPois   .            (no helmet)
rElec   .            (no cloak)
rCorr   .            (no gloves)
SInv    .            (no boots)
Will    .....        (no amulet)
Stlth   ++           (no ring)
HPRegen 0.24/turn    (no ring)
MPRegen 0.12/turn

%: no passive effects
@: no status effects
A: no striking features
a: no special abilities


You were on level 1 of the Dungeon.
You visited 1 branch of the dungeon, and saw 2 of its levels.

You collected 71 gold pieces.

Inventory:

Hand Weapons
 e - a +0 dagger (weapon)
Missiles
 f - 2 poisoned darts
 h - 12 stones
Armour
 a - a +0 robe (worn)
 k - a +0 helmet
Jewellery
 l - a +4 ring of slaying
Talismans
 j - a talisman of death
Scrolls
 c - a scroll of enchant weapon {unknown}
 d - a scroll of enchant armour {unknown}
 m - a scroll of identify {unknown}
 q - a scroll of teleportation {unknown}
Potions
 b - 2 potions of magic
 g - a potion of might {unknown}
 i - 2 potions of ambrosia {unknown}
 n - a potion of mutation {unknown}
 o - a potion of curing {unknown}
 p - a potion of lignification {unknown}


   Skills:
 - Level 2.4 Dodging
 - Level 2.4 Stealth
 + Level 3.9 Spellcasting
 + Level 1.2 Conjurations
 + Level 2.2 Transmutations
 + Level 1.0 Air Magic
 * Level 4.6 Poison Magic


You had 4 spell levels left.
You knew the following spells:

 Your Spells              Type           Power      Damage    Failure   Level
a - Sting                 Tmut/Pois      76%        1d6       2%          1
b - Poisonous Vapours     Pois/Air       32%        N/A       5%          2
c - Mephitic Cloud        Conj/Pois/Air  14%        N/A       13%         3

Your spell library contained the following spells:

 Spells                   Type           Power      Damage    Failure   Level
 Necrotise                Necr           16%        1d4       12%         1
 Sandblast                Erth           8%         2d5       12%         1
 Slow                     Hex            16%        N/A       12%         1
 Olgreb's Toxic Radiance  Pois           24%        N/A       17%         4


Dungeon Overview and Level Annotations

Branches:
Dungeon (2/15)

Altars:


Message History

A gnoll comes into view. It is wielding a +0 spear. x2
The gnoll closely misses you.
Casting: Sting (safe; 2% risk of failure)
Confirm with . or Enter, or press ? or * to list all spells.
Aiming: Sting (safe; 2% risk of failure)
Press: ? - help, Shift-Dir - straight line, f - gnoll
Aim: a gnoll, wielding a +0 halberd (77% to hit)
The sting hits the gnoll.
The gnoll is poisoned.
The gnoll is moderately wounded.
The gnoll hits you but does no damage.
The gnoll hits you from afar with a +0 halberd.
The gnoll hits you from afar with a +0 halberd!
The gnoll attacks as it pursues you! The gnoll barely misses you.
The gnoll barely misses you. The gnoll attacks as it pursues you!
The gnoll hits you with a +4 whip!
* * * LOW HITPOINT WARNING * * *
The gnoll attacks as it pursues you! The gnoll misses you.
The gnoll looks more healthy.
Casting: Sting (safe; 2% risk of failure)
Confirm with . or Enter, or press ? or * to list all spells.
Aiming: Sting (safe; 2% risk of failure)
Press: ? - help, Shift-Dir - straight line, f/p - gnoll
Aim: a gnoll, wielding a +0 halberd (severely wounded, 77% to hit)
The sting hits the gnoll.
The gnoll is poisoned.
The gnoll is moderately wounded.
The gnoll attacks as it pursues you! The gnoll closely misses you.
Things that are here:
a +0 dagger; a goblin corpse The gnoll closely misses you.
The gnoll attacks as it pursues you! The gnoll barely misses you.
There is an escape hatch in the ceiling here.
Okay, then.
A mysterious force pulls you upwards. The hatch slams shut behind you.
Casting: Sting (safe; 2% risk of failure)
Confirm with . or Enter, or press ? or * to list all spells.
You don't know that spell.
The gnoll looks more healthy.
There is an open door here.
The gnoll attacks as it pursues you! The gnoll hits you with a +4 whip.
You die...

##...#####..)...
###########....# #......
#............).# #..#...
####.#####.#####..# #..#...
#....#...#.#...#..#####......
#.#..#.>.#.'...#.........#...
#.##.#...#.#...#.###.....#...
#.##.##'##.#####.###.#.#.####
#...........@....##..#.#.# #.
#.#..#####.##g##.##..#.#.# #.
#.##.#...#.#...#.##..#.#.###.
#.##.#...'.#.<.#.##..#.......
#....#...#.#...#.##..##.####.
####.#####.#####.##..##.#####
#.............##.......>..
#..#..#..##..##...........
#....##.##..###..###[#####


You could see a gnoll.

Vanquished Creatures
  Jessica (D:2)
  2 gnolls (D:2)
  2 adders (D:2)
  3 worms (D:2)
  5 endoplasms
  2 giant cockroaches (D:1)
  5 goblins
  5 hobgoblins
  A jackal (D:2)
  2 kobolds
  A quokka (D:1)
  3 ball pythons
  2 bats (D:1)
  2 frilled lizards (D:1)
  3 rats
39 creatures vanquished.

Notes
Turn   | Place    | Note
-------+----------+-------------------------------------------
     0 | D:1      | pascalblue the Deep Elf Venom Mage began the quest for the
                  | Orb.
     0 | D:1      | Reached XP level 1. HP: 10/10 MP: 6/6
   126 | D:1      | Reached XP level 2. HP: 15/15 MP: 6/8
   129 | D:1      | Learned a level 2 spell: Poisonous Vapours
   922 | D:2      | Reached skill level 4 in Poison Magic
   970 | D:2      | Reached XP level 3. HP: 6/19 MP: 6/10
   974 | D:2      | Learned a level 3 spell: Mephitic Cloud
  1049 | D:2      | Got a rare book
  1128 | D:2      | Noticed Jessica
  1138 | D:2      | Killed Jessica
  1188 | D:2      | Reached XP level 4. HP: 24/24 MP: 4/11
  1198 | D:2      | Reached skill level 1 in Conjurations
  1487 | D:2      | Reached skill level 1 in Air Magic
  1615 | D:1      | Slain by a gnoll

Illustrated notes

Levels and vault maps discovered:
D:1:      minmay_arrival_four_houses, layout_loops_ring, hangedman_glass_teeth
D:2:      layout_basic, minmay_puff, uniq_jessica

Skill      XL: |  1  2  3  4 |
---------------+-------------+-----
Poison Magic   | 4 |  4.6
Transmutations | 2 |  2.2
Conjurations   | 1 |  1.2
Air Magic      | 1 |  1.0
Dodging        | |  2.4
Stealth        | |  2.4
Spellcasting   | |  3.9

Action                     |  1- 3 |  4- 6 || total
---------------------------+-------+-------++-------
  Melee: Unarmed           |     1 |       ||     1
         Dagger            |     3 |     2 ||     5
   Cast: Sting             |    53 |    30 ||    83
 Armour: Robe              |    12 |    10 ||    22
  Dodge: Dodged            |    23 |    14 ||    37

Table legend: (Time is in decaauts)
 A = Elapsed time spent in this place.
 B = Non-inter-level travel time spent in this place.
 C = Inter-level travel time spent in this place.
 D = Time resting spent in this place.
 E = Time spent auto-exploring this place.
 F = Levels seen in this place.
 G = Mean time per level.
                   A        B        C        D        E       F      G
               +--------+--------+--------+--------+--------+-----+--------+
         Total |   1614 |   1601 |     13 |      0 |   1130 |   2 |  807.0 |
       Dungeon |   1614 |   1601 |     13 |      0 |   1130 |   2 |  807.0 |
               +--------+--------+--------+--------+--------+-----+--------+

Top non-repeatable levels by time:
     D:1: 916 daAuts
     D:2: 697 daAuts
